 Dungeon Crawl Stone Soup version 0.25-a0-1137-g7f6bfe439b (webtiles) character file.

Game seed: 7914200323993480241, levelgen mode: deterministic

1187 tilp the Bolt Thrower (level 8, -2/51 HPs)
             Began as a Kobold Arcane Marksman on May 23, 2020.
             Slain by a slime creature (17 damage)
             ... on level 5 of the Dungeon.
             The game lasted 00:15:43 (9327 turns).

tilp the Bolt Thrower (Kobold Arcane Marksman)      Turns: 9327, Time: 00:15:44

Health: -2/51      AC: 10    Str: 10    XL:     8   Next: 70%
Magic:  3/3        EV: 15    Int: 14    God:
Gold:   545        SH:  0    Dex: 15    Spells: 6/9 levels left

rFire    . . .     SeeInvis .   b - +2 mace (antimagic)
rCold    . . .     Gourm    .   (shield restricted)
rNeg     . . .     Faith    .   p - +1 ring mail
rPois    .         Spirit   .   (no helmet)
rElec    .         Reflect  .   z - +2 cloak
rCorr    .         Harm     .   (no gloves)
MR       .....     Rnd*Tele +   E - +0 pair of boots
Stlth    ++........             (no amulet)
HPRegen  0.17/turn              y - ring of teleportation
MPRegen  0.08/turn              (no ring)

@: no status effects
A: small, carnivore
a: no special abilities


You were on level 5 of the Dungeon.
You were full.

You visited 1 branch of the dungeon, and saw 5 of its levels.
You also visited: Ossuary.

You collected 545 gold pieces.

Inventory:

Hand Weapons
 a - a +1 hand crossbow
 b - a +2 antimagic mace (weapon)
 s - a +0 flail
 J - a +0 dagger of freezing
Missiles
 e - 3 bolts
 n - 3 atropa-tipped darts (quivered)
Armour
 l - a +0 scale mail
 p - a +1 ring mail (worn)
 q - a +0 chain mail
 z - a +2 cloak (worn)
 E - a +0 pair of boots (worn)
Jewellery
 y - a ring of teleportation (left hand)
 B - a +6 ring of dexterity {unknown}
Scrolls
 h - 2 scrolls of remove curse
 o - a scroll of fear
 r - a scroll of blinking
 u - 3 scrolls of teleportation
 C - 2 scrolls of immolation
 D - a scroll of enchant weapon
 F - a scroll of amnesia
 G - 3 scrolls of identify
 H - a scroll of enchant armour
Potions
 d - a potion of degeneration {unknown}
 f - a potion of stabbing {unknown}
 g - 4 potions of haste
 i - a potion of resistance {unknown}
 j - a potion of mutation {unknown}
 k - 4 potions of might
 m - a potion of invisibility {unknown}
 t - a potion of flight {unknown}
 v - 2 potions of curing
 w - 3 potions of lignification
 x - a potion of berserk rage {unknown}
 A - a potion of heal wounds {unknown}
Comestibles
 c - 9 rations


   Skills:
 + Level 5.8 Fighting
 - Level 4.0 Maces & Flails
 - Level 6.0 Crossbows
 + Level 5.3 Dodging
 - Level 4.0 Stealth
 - Level 1.1 Spellcasting
 - Level 3.0 Hexes


You had 6 spell levels left.
You knew the following spells:

 Your Spells              Type           Power        Failure   Level  Hunger
a - Corona                Hex            #......      21%         1    ##.....
b - Slow                  Hex            #.......     30%         2    ###....

Your spell library contained the following spells:

 Spells                   Type           Power        Failure   Level  Hunger
 Inner Flame              Hex/Fire       #.......     73%         3    ####...
 Portal Projectile        Hex/Tloc       #.....       73%         3    ####...
 Cause Fear               Hex            #.........   89%         4    #####..
 Leda's Liquefaction      Hex/Erth       #.........   98%         4    #####..


Dungeon Overview and Level Annotations

Branches:
Dungeon (5/15)            Ossuary (visited)
 Temple: D:4-7

Altars:

Shops:
D:5 (

Annotations:
D:2 1 runed translucent door, Crazy Yiuf


Innate Abilities, Weirdness & Mutations

You are small and have problems with some larger weapons.
You are carnivorous and can eat meat at any time.


Message History

* * * LOW HITPOINT WARNING * * *
You hit the slime creature.
The slime creature is heavily wounded.
The slime creature hits you but does no damage.
The ooze jiggles.
The slime creature hits you but does no damage.
You hit the slime creature.
The slime creature is severely wounded.
The slime creature misses you.
You hit the slime creature.
The slime creature is severely wounded.
The slime creature misses you.
You hit the slime creature.
The slime creature is severely wounded.
The slime creature hits you!
* * * LOW HITPOINT WARNING * * *
You thump the slime creature!
The slime creature is almost dead.
The slime creature hits you!
You die...

###'#......########### ####......
....#......##.P...P..! #..#......
....#......##.P....... #..#......
....#......##.....÷JP. #..#......
....#......##....÷..P. #..#......
....#......##÷.÷P..J.J #..#......
...##......##.÷...J÷.. #..#......
...#.......###'####### #..##'####
...#.......# ##J@....###.......#
>..#.......# ########.##.......#
...#.......# #....'..###...(...#
...#.......###....######.......#
...#........##.......##..[.....#
...#........##.......##........#
####........##.......###......###
......[###'###.......# #......#..
.......#....###.....## #......#..


You could see a slime creature.

Vanquished Creatures
  A sky beast (D:5)
  An ogre (D:5)
  A hornet zombie (D:5)
  A big kobold (D:5)
  3 crimson imps (D:5)
  2 hounds
  3 jellies (D:5)
  2 iguanas
  3 orc wizards
  A worker ant (D:5)
  A hound zombie (D:5)
  A hound skeleton (D:4)
  A howler monkey zombie (D:5)
  7 mummies (Ossuary)
  10 adders
  4 gnolls (D:2)
  A shadow imp (D:5)
  4 oozes
  An adder skeleton (D:4)
  2 worms (D:2)
  4 dart slugs
  6 leopard geckos
  15 orcs
  A ball python (D:5)
  8 giant cockroaches
  6 goblins
  18 hobgoblins
  9 jackals
  12 kobolds
  3 quokkas
  8 bats
  3 frilled lizards
  3 hobgoblin zombies (Ossuary)
  2 kobold zombies (Ossuary)
  3 orc zombies (Ossuary)
  8 rats
159 creatures vanquished.

Vanquished Creatures (others)
  8 toadstools (D:5)
8 creatures vanquished.

Grand Total: 167 creatures vanquished

Notes
Turn   | Place    | Note
-------+----------+-------------------------------------------
     0 | D:1      | tilp the Kobold Arcane Marksman began the quest for the
                  | Orb.
     0 | D:1      | Reached XP level 1. HP: 12/12 MP: 2/2
   216 | D:1      | Reached XP level 2. HP: 17/17 MP: 1/3
   656 | D:1      | You fall into a shaft and drop 1 floor!
   720 | D:2      | Found a runed translucent door.
   721 | D:2      | Noticed Crazy Yiuf
   833 | D:2      | Reached XP level 3. HP: 23/23 MP: 1/4
  1581 | D:2      | Reached XP level 4. HP: 22/29 MP: 1/5
  2379 | D:2      | Reached skill level 1 in Maces & Flails
  2379 | D:2      | Reached skill level 3 in Crossbows
  2382 | D:2      | Reached XP level 5. HP: 33/33 MP: 1/6
  3780 | D:2      | Reached skill level 4 in Crossbows
  4256 | D:3      | Reached XP level 6. HP: 31/38 MP: 2/7
  5495 | D:4      | Learned a level 2 spell: Slow
  5606 | D:4      | Reached skill level 5 in Crossbows
  5671 | D:4      | Found a sand-covered staircase.
  5682 | Ossuary  | Entered an ossuary
  5735 | Ossuary  | Reached XP level 7. HP: 38/43 MP: 3/8
  6000 | Ossuary  | HP: 1/43 [mummy (5)]
  6940 | D:5      | Entered Level 5 of the Dungeon
  6976 | D:5      | Reached skill level 6 in Crossbows
  7066 | D:5      | Reached skill level 1 in Stealth
  7160 | D:5      | Found Ijoeq's Weapon Shoppe.
  7284 | D:5      | Reached XP level 8. HP: 47/48 MP: 9/9
  7621 | D:5      | Reached skill level 5 in Fighting
  8375 | D:5      | Reached skill level 5 in Dodging
  8472 | D:5      | Noticed a slime creature
  8472 | D:5      | Noticed a slime creature
  9327 | D:5      | Slain by a slime creature

Illustrated notes

Levels and vault maps discovered:
D:1:      wander_arrival_estate, layout_basic, chequers_serial_rivers_marsh
D:2:      minmay_razor_zed, layout_basic, skrybe_limestone_x,
          hangedman_abyss_or_decor_lesser_grid, uniq_crazy_yiuf_cottage
D:3:      layout_rooms, minmay_hedge_maze
D:4:      layout_loops_ring, nicolae_ossuary_entry_monument, first_ration,
          portal_sewer_entry_f
D:5:      cheibrodos_fertilizer, layout_gridville, serial_shops, shop

Skill      XL: |  1  2  3  4  5  6  7  8 |
---------------+-------------------------+-----
Fighting       | 2 3 4 5 |  5.8
Maces & Flails | 1 2 3 4 |  4.0
Crossbows      | 3 4 5 6 |  6.0
Stealth        | 2 4 |  4.0
Dodging        | 3 5 |  5.3
Spellcasting   | |  1.1
Hexes          | |  3.0

Action                   |  1- 3 |  4- 6 |  7- 9 || total
-------------------------+-------+-------+-------++-------
Melee: Mace              |    58 |   226 |   285 ||   569
 Fire: Hand crossbow     |    17 |    60 |    67 ||   144
Throw: Dart              |       |     2 |     8 ||    10
 Cast: Corona            |     4 |       |       ||     4
  Use: Scroll            |       |    14 |     5 ||    19
       Potion            |       |       |     1 ||     1
 Stab: Invisible         |       |       |     1 ||     1
  Eat: Chunk             |    10 |    14 |     9 ||    33
Armor: Robe              |    14 |       |       ||    14
       Leather armour    |     1 |     1 |       ||     2
       Ring mail         |       |    80 |   105 ||   185
Dodge: Dodged            |    61 |   196 |   217 ||   474

Table legend:
 A = Non-vault XP
 B = Vault XP
 C = Vault XP percentage of total XP
 D = Non-vault monster count
 E = Vault monster count
 F = Vault count percentage of total count
                 A         B        C        D         E       F
            +---------+---------+-------+---------+---------+-------
      Total |    1276 |     421 |  24.8 |     114 |      45 |  28.3
            +---------+---------+-------+---------+---------+-------
        D:1 |      48 |       0 |   0.0 |      25 |       0 |   0.0
        D:2 |     140 |      68 |  32.7 |      26 |      15 |  36.6
        D:3 |     152 |       0 |   0.0 |      32 |       0 |   0.0
        D:4 |     164 |      15 |   8.4 |      12 |       5 |  29.4
        D:5 |     772 |     205 |  21.0 |      19 |      10 |  34.5
    Ossuary |       0 |     133 | 100.0 |       0 |      15 | 100.0
            +---------+---------+-------+---------+---------+-------
